 Dungeon Sprint DCSS version 0.19.1 (webtiles) character file.

2241 equalderp2856 the Ripper (level 9, -10/45 HPs)
             Began as a Felid Fighter on Nov 30, 2016.
             Mangled by a seven-headed hydra (13 damage)
             ... in the Dungeon (Sprint IX: "|||||||||||||||||||||||||||||").
             The game lasted 00:03:58 (2482 turns).

equalderp2856 the Ripper (Felid Fighter)            Turns: 2482, Time: 00:03:58

Health: -10/45     AC:  2    Str: 13    XL:     9   Next: 14%
Magic:  10/10      EV: 30    Int: 10    God:
Gold:   7          SH:  0    Dex: 17    Spells: 0 memorised, 8 levels left
                                        Lives:  0   Deaths: 2

rFire  . . .     SeeInvis +       - Unarmed
rCold  . . .     Gourm    .     (armour unavailable)
rNeg   . . .     Faith    .     (shield unavailable)
rPois  .         Spirit   .     (helmet unavailable)
rElec  .         Reflect  .     (cloak unavailable)
rCorr  .         Harm     .     (gloves unavailable)
MR     +....     NoTele   +     (boots unavailable)
Stlth  ++++......               (no amulet)
                                (no ring)
                                (no ring)

@: quick
A: no armour, no weapons or thrown items, stealth, claws 1, fangs 3, see
invisible, carnivore 3, speed 1, shaggy fur 2, slow metabolism 1, sharp paws
a: no special abilities


You were in the Dungeon.
You were not hungry.

You visited 1 branch You collected 7 gold pieces.

Inventory:

Scrolls
 h - a scroll of blinking
 j - a scroll of identify
 k - 2 scrolls of fog
Potions
 a - 2 potions of might
 d - 3 potions of heal wounds
 e - 2 potions of haste
 f - 2 potions of magic
 g - a potion of berserk rage
 i - a potion of agility
Comestibles
 b - 13 meat rations


   Skills:
 + Level 8.5 Fighting
 + Level 13.8 Dodging
 + Level 5.9 Stealth
 + Level 16.6 Unarmed Combat


You had 8 spell levels left.
You didn't know any spells.

Dungeon Overview and Level Annotations

Branches:
Dungeon (1/1)

Altars:

Annotations:
D Gastronok


Innate Abilities, Weirdness & Mutations

You cannot wear armour.
You are incapable of wielding weapons or throwing items.
Your paws allow you to move quietly. (Stealth)
You have sharp claws.
You have razor-sharp teeth.
You have supernaturally acute eyesight. (SInv)
You are carnivorous and can eat meat at any time.
You cover ground quickly.
You are covered in thick fur. (AC +2)
You have a slow metabolism.
Your sharp claws are effective at attacking unaware monsters.


Message History

You mangle the seven-headed hydra!!
The seven-headed hydra is moderately wounded.
The seven-headed hydra completely misses you.
The seven-headed hydra bites you.
The seven-headed hydra completely misses you.
The seven-headed hydra misses you. x2
The seven-headed hydra completely misses you. x2
You mangle the seven-headed hydra!!
The seven-headed hydra is severely wounded.
Unknown command.
You claw the seven-headed hydra!
You bite the seven-headed hydra, but do no damage.
The seven-headed hydra is almost dead.
The seven-headed hydra completely misses you. x2
The seven-headed hydra bites you! x2
The seven-headed hydra closely misses you.
The seven-headed hydra bites you!!
* * * LOW HITPOINT WARNING * * *
The seven-headed hydra bites you!
You die...

▓▓▓▓▓▓▓▓▓▓▓▓▓▓▓▓▓▓▓▓▓▓▓▓▓▓▓▓▓▓▓▓▓
.................†...............
▓▓▓▓▓▓▓▓▓▓▓▓▓▓▓▓▓▓▓▓▓▓▓▓▓▓▓▓▓▓▓▓▓
.......†.......D@[.['%.[[[[..'...
▓▓▓▓▓▓▓▓▓▓▓▓▓▓▓▓▓▓▓▓▓▓▓▓▓▓▓▓▓▓▓▓▓
... ▓▓▓


You could see a seven-headed hydra.

Vanquished Creatures
  An elephant (D)
  A komodo dragon (D)
  A blink frog (D)
  A hippogriff (D)
  2 yaks (D)
  3 wargs (D)
  2 water moccasins (D)
  2 porcupines (D)
  2 hell hounds (D)
  4 wolves (D)
  A crocodile (D)
  4 bullfrogs (D)
  2 hounds (D)
  A leopard gecko (D)
  2 hobgoblins (D)
  A jackal (D)
  A kobold (D)
  A rat (D)
32 creatures vanquished.

Notes
Turn   | Place    | Note
-------+----------+-------------------------------------------
     0 | D        | equalderp2856 the Felid Fighter began the quest for the Orb.
     0 | D        | Reached XP level 1. HP: 10/10 MP: 2/2
   274 | D        | Noticed a hound
   274 | D        | Noticed a hound
   274 | D        | Noticed an ogre
   274 | D        | Noticed a worker ant
   278 | D        | Reached XP level 2. HP: 14/14 MP: 3/3
   282 | D        | Reached skill level 5 in Dodging
   282 | D        | Reached skill level 6 in Unarmed Combat
   282 | D        | Reached XP level 3. HP: 18/18 MP: 4/4
   288 | D        | Reached skill level 1 in Stealth
   288 | D        | Reached XP level 4. HP: 21/22 MP: 5/5
   289 | D        | Slain by an ogre
   290 | D        | Reached XP level 3. HP: -4/18 MP: 4/4
   315 | D        | Noticed a water moccasin
   315 | D        | Noticed a crocodile
   315 | D        | Noticed a porcupine
   315 | D        | Noticed a hippogriff
   315 | D        | Noticed a yak
   315 | D        | Noticed a bullfrog
   316 | D        | Noticed a bullfrog
   325 | D        | Killed a water moccasin
   325 | D        | Reached skill level 5 in Fighting
   325 | D        | Reached skill level 8 in Unarmed Combat
   325 | D        | Reached XP level 4. HP: 17/23 MP: 5/5
   328 | D        | Noticed a yak
   330 | D        | Killed a crocodile
   330 | D        | Reached skill level 9 in Unarmed Combat
   330 | D        | Reached XP level 5. HP: 20/27 MP: 6/6
   333 | D        | Killed a porcupine
   333 | D        | Reached skill level 10 in Unarmed Combat
   333 | D        | Gained mutation: You are covered in thick fur. (AC +2) [Felid growth]
   333 | D        | Reached XP level 6. HP: 18/31 MP: 7/7
   341 | D        | HP: 1/31 [hippogriff (6)]
   344 | D        | Killed a hippogriff
   344 | D        | Reached skill level 10 in Dodging
   344 | D        | Reached skill level 11 in Unarmed Combat
   351 | D        | Killed a yak
   351 | D        | Reached skill level 12 in Unarmed Combat
   351 | D        | Reached XP level 7. HP: 12/36 MP: 8/8
   376 | D        | Killed a yak
   376 | D        | Reached skill level 5 in Stealth
   376 | D        | Reached skill level 13 in Unarmed Combat
   895 | D        | Noticed a blink frog
   895 | D        | Noticed a seven-headed hydra
   895 | D        | Noticed a komodo dragon
   898 | D        | Reached XP level 8. HP: 40/40 MP: 9/9
   904 | D        | Noticed an elephant
   904 | D        | Killed a blink frog
  1033 | D        | Noticed Gastronok
  1048 | D        | Annihilated by Gastronok
  1049 | D        | Reached XP level 7. HP: -27/37 MP: 8/8
  1235 | D        | Reached skill level 14 in Unarmed Combat
  1261 | D        | Reached XP level 8. HP: 40/40 MP: 9/9
  1270 | D        | Reached skill level 15 in Unarmed Combat
  1393 | D        | Killed an elephant
  1393 | D        | Reached skill level 16 in Unarmed Combat
  1400 | D        | Reached XP level 9. HP: 32/45 MP: 10/10
  2309 | D        | Killed a komodo dragon
  2482 | D        | Mangled by a seven-headed hydra

Skill      XL: |  1  2  3  4  5  6  7  8 |
---------------+-------------------------+-----
Fighting       | 4 5 6 7 8 |  8.5
Dodging        | 5 8 9 10 11 13 | 13.8
Unarmed Combat | 6 8 9 10 12 14 16 | 16.6
Stealth        | 2 3 4 5 |  5.9

Action                   |  1- 3 |  4- 6 |  7- 9 || total
-------------------------+-------+-------+-------++-------
Melee: Unarmed           |    35 |    24 |   123 ||   182
       Bite              |     6 |       |    17 ||    23
       Punch             |     1 |     2 |    16 ||    19
  Use: Potion            |       |     2 |     1 ||     3
  Eat: Chunk             |       |       |     6 ||     6
Armor: Skin              |       |       |     3 ||     3
Dodge: Dodged            |    27 |    26 |   100 ||   153
